PAAA
CALGARY LYNX @ JERSEY CITY SUN CAPS
06/08/2025
 
TOP OF THE 1ST
Calgary Lynx batting - Pitching for Jersey City Sun Caps : RHP Ben Logan
Pitching: RHP Ben Logan
Batting: LHB Ángel López 0-0: Swinging Strike
0-1: Foul Ball, location: 2F
0-2: Strikes out swinging
Batting: LHB Dave Hebert 0-0: Foul Ball, location: 2F
0-1: Swinging Strike
0-2: Foul Ball, location: 2F
0-2: Strikes out swinging
Batting: RHB Jesús Martínez 0-0: Called Strike
0-1: Called Strike
0-2: Ball
1-2: Strikes out looking
Top of the 1st over - 0 run(s), 0 hit(s), 0 error(s), 0 left on base; Calgary 0 - Jersey City 0
BOTTOM OF THE 1ST
Jersey City Sun Caps batting - Pitching for Calgary Lynx : RHP Job Poppe
Pitching: RHP Job Poppe
Batting: LHB Cole Thrash 0-0: Ball
1-0: Ball
2-0: Ball
3-0: Called Strike
3-1: Base on Balls
Batting: SHB Jake Richardson 0-0: Called Strike
0-1: Foul Ball, location: 2F
0-2: Ball
1-2: Strikes out swinging
Batting: LHB Bartolo Benítez 0-0: Called Strike
0-1: Ball
1-1: Foul Ball, location: 2F
1-2: Foul Ball, location: 2F
1-2: Strikes out looking
Batting: RHB Shohei Kiyomizu 0-0: Ball
1-0: Ball
2-0: Fly out, F3 (Popup, 3L)
Bottom of the 1st over - 0 run(s), 0 hit(s), 0 error(s), 1 left on base; Calgary 0 - Jersey City 0
TOP OF THE 2ND
Calgary Lynx batting - Pitching for Jersey City Sun Caps : RHP Ben Logan
Batting: RHB Álex Estrada 0-0: Swinging Strike
0-1: Ball
1-1: Swinging Strike
1-2: Ball
2-2: Fly out, F9 (Line Drive, 9LM)
Batting: LHB Thomas Campbell 0-0: Swinging Strike
0-1: Ball
1-1: Called Strike
1-2: SINGLE (Groundball, 4D)
Batting: RHB Hieu De 0-0: Called Strike
0-1: Ball
1-1: Ball
2-1: Foul Ball, location: 2F
2-2: Foul Ball, location: 2F
2-2: Foul Ball, location: 2F
2-2: Ball
3-2: Strikes out looking
Batting: LHB Emílio Barbán 0-0: Ball
1-0: Ground out 4-3 (Groundball, 4)
Top of the 2nd over - 0 run(s), 1 hit(s), 0 error(s), 1 left on base; Calgary 0 - Jersey City 0
BOTTOM OF THE 2ND
Jersey City Sun Caps batting - Pitching for Calgary Lynx : RHP Job Poppe
Batting: LHB Roberto Sánchez 0-0: Called Strike
0-1: Ground out 4-3 (Groundball, 34)
Batting: RHB Mike Lyon 0-0: Called Strike
0-1: Ball
1-1: Ball
2-1: Swinging Strike
2-2: Ball
3-2: Strikes out swinging
Batting: RHB Mike Greene 0-0: Ball
1-0: Ball
2-0: Ball
3-0: Fly out, F8 (Line Drive, 8LD)
Bottom of the 2nd over - 0 run(s), 0 hit(s), 0 error(s), 0 left on base; Calgary 0 - Jersey City 0
TOP OF THE 3RD
Calgary Lynx batting - Pitching for Jersey City Sun Caps : RHP Ben Logan
Batting: LHB Miguel Zúñiga 0-0: Ball
1-0: Ball
2-0: Fly out, F2 (Popup, 3S)
Batting: SHB Eric O'Neill 0-0: Foul Ball, location: 2F
0-1: Ball
1-1: Foul Ball, location: 2F
1-2: Ball
2-2: Strikes out swinging
Batting: LHB Ángel López 0-0: Ball
1-0: SINGLE (Line Drive, 9S)
Batting: LHB Dave Hebert 0-0: Fielders Choice at 2nd, 4-6 (Groundball, 34)
Top of the 3rd over - 0 run(s), 1 hit(s), 0 error(s), 0 left on base; Calgary 0 - Jersey City 0
BOTTOM OF THE 3RD
Jersey City Sun Caps batting - Pitching for Calgary Lynx : RHP Job Poppe
Batting: RHB Eddie O'Bryan 0-0: Called Strike
0-1: Foul Ball, location: 2F
0-2: Strikes out looking
Batting: SHB Ernest Miller 0-0: Ball
1-0: Ball
2-0: Ball
3-0: Called Strike
3-1: Ground out 3-1 (Groundball, 34)
Batting: LHB Cole Thrash 0-0: Called Strike
0-1: Ball
1-1: Reached on error, E1 (Groundball, 13S)
Batting: SHB Jake Richardson 0-0: Ball
1-0: Foul Ball, location: 2F
1-1: Ball
Cole Thrash is caught stealing 2nd base
Bottom of the 3rd over - 0 run(s), 0 hit(s), 1 error(s), 0 left on base; Calgary 0 - Jersey City 0
TOP OF THE 4TH
Calgary Lynx batting - Pitching for Jersey City Sun Caps : RHP Ben Logan
Batting: RHB Jesús Martínez 0-0: Foul Ball, location: 2F
0-1: Ball
1-1: SOLO HOME RUN (Flyball, 7D), Distance : 395 ft
Batting: RHB Álex Estrada 0-0: Called Strike
0-1: Swinging Strike
0-2: Foul Ball, location: 2F
0-2: Strikes out looking
Batting: LHB Thomas Campbell 0-0: Foul Ball, location: 2F
0-1: Foul Ball, location: 2F
0-2: Ball
1-2: Strikes out swinging
Batting: RHB Hieu De 0-0: Ball
1-0: Called Strike
1-1: Ball
2-1: Ball
3-1: Swinging Strike
3-2: Foul Ball, location: 2F
3-2: SINGLE (Flyball, 9LM)
Batting: LHB Emílio Barbán 0-0: Ball
1-0: Called Strike
1-1: Called Strike
1-2: Ground out 5-3 (Groundball, 5S)
Top of the 4th over - 1 run(s), 2 hit(s), 0 error(s), 1 left on base; Calgary 1 - Jersey City 0
BOTTOM OF THE 4TH
Jersey City Sun Caps batting - Pitching for Calgary Lynx : RHP Job Poppe
Batting: SHB Jake Richardson 0-0: Called Strike
0-1: Ball
1-1: Ball
2-1: Foul Ball, location: 2F
2-2: SINGLE (Line Drive, 89S)
Batting: LHB Bartolo Benítez 0-0: Called Strike
0-1: Foul Ball, location: 2F
0-2: Strikes out looking
Batting: RHB Shohei Kiyomizu 0-0: Ball
1-0: Called Strike
1-1: Called Strike
1-2: Strikes out swinging
Batting: LHB Roberto Sánchez 0-0: Foul Ball, location: 2F
0-1: Ball
1-1: Swinging Strike
1-2: Ball
2-2: Ball
3-2: Fly out, F9 (Flyball, 9LM)
Bottom of the 4th over - 0 run(s), 1 hit(s), 0 error(s), 1 left on base; Calgary 1 - Jersey City 0
TOP OF THE 5TH
Calgary Lynx batting - Pitching for Jersey City Sun Caps : RHP Ben Logan
Batting: LHB Miguel Zúñiga 0-0: Ball
1-0: Ball
2-0: Ball
3-0: Called Strike
3-1: Base on Balls
Batting: SHB Eric O'Neill 0-0: Sac Bunt - play at first, batter safe!
Miguel Zúñiga to second
Batting: LHB Ángel López 0-0: Reached on error, E2 (Groundball, 25)
Miguel Zúñiga scores
Eric O'Neill to third
Batting: LHB Dave Hebert 0-0: Fly out, F9 (Line Drive, 89M)
Runner from 3rd tags up, SCORES, no throw
Batting: RHB Jesús Martínez 0-0: Called Strike
0-1: Ball
1-1: Ball
2-1: Ball
3-1: Called Strike
3-2: Fly out, F8 (Flyball, 8LM)
Runner from 2nd tags up, SAFE at 3rd with throw
Batting: RHB Álex Estrada 0-0: Ball
1-0: Ball
2-0: Swinging Strike
2-1: Ball
3-1: Base on Balls
Batting: LHB Thomas Campbell 0-0: Called Strike
0-1: Ball
1-1: Ball
2-1: Foul Ball, location: 2F
2-2: Foul Ball, location: 2F
2-2: Ground out 1-3 (Groundball, 13)
Top of the 5th over - 2 run(s), 1 hit(s), 1 error(s), 2 left on base; Calgary 3 - Jersey City 0
BOTTOM OF THE 5TH
Jersey City Sun Caps batting - Pitching for Calgary Lynx : RHP Job Poppe
Batting: RHB Mike Lyon 0-0: Called Strike
0-1: Called Strike
0-2: Ball
1-2: Fly out, F2 (Popup, 2R)
Batting: RHB Mike Greene 0-0: Fly out, F3 (Popup, 3L)
Batting: RHB Eddie O'Bryan 0-0: Fly out, F9 (Flyball, 9LMF)
Bottom of the 5th over - 0 run(s), 0 hit(s), 0 error(s), 0 left on base; Calgary 3 - Jersey City 0
TOP OF THE 6TH
Calgary Lynx batting - Pitching for Jersey City Sun Caps : RHP Ben Logan
Batting: RHB Hieu De 0-0: Swinging Strike
0-1: Called Strike
0-2: Ball
1-2: Foul Ball, location: 2F
1-2: Ball
2-2: Foul Ball, location: 2F
2-2: Foul Ball, location: 2F
2-2: Strikes out swinging
Batting: LHB Emílio Barbán 0-0: Ball
1-0: Foul Ball, location: 2F
1-1: Ball
2-1: Ball
3-1: Called Strike
3-2: Strikes out swinging
Batting: LHB Miguel Zúñiga 0-0: Ball
1-0: Ball
2-0: Ground out 4-3 (Groundball, 34)
Top of the 6th over - 0 run(s), 0 hit(s), 0 error(s), 0 left on base; Calgary 3 - Jersey City 0
BOTTOM OF THE 6TH
Jersey City Sun Caps batting - Pitching for Calgary Lynx : RHP Job Poppe
Batting: SHB Ernest Miller 0-0: Called Strike
0-1: Fly out, F7 (Flyball, 7LM)
Batting: LHB Cole Thrash 0-0: Fly out, F2 (Popup, 25)
Batting: SHB Jake Richardson 0-0: Foul Ball, location: 2F
0-1: Called Strike
0-2: Ground out U3 (Groundball, 3L)
Bottom of the 6th over - 0 run(s), 0 hit(s), 0 error(s), 0 left on base; Calgary 3 - Jersey City 0
TOP OF THE 7TH
Calgary Lynx batting - Pitching for Jersey City Sun Caps : RHP Ben Logan
Pitching: LHP Tommy Blevins
Batting: SHB Eric O'Neill 0-0: Ball
1-0: Swinging Strike
1-1: Foul Ball, location: 2F
1-2: Strikes out swinging
Batting: LHB Ángel López 0-0: Called Strike
0-1: Swinging Strike
0-2: Foul Ball, location: 2F
0-2: Strikes out swinging
Batting: LHB Dave Hebert 0-0: Ball
1-0: Ball
2-0: Ball
3-0: Called Strike
3-1: Foul Ball, location: 2F
3-2: Strikes out looking
Top of the 7th over - 0 run(s), 0 hit(s), 0 error(s), 0 left on base; Calgary 3 - Jersey City 0
BOTTOM OF THE 7TH
Jersey City Sun Caps batting - Pitching for Calgary Lynx : RHP Job Poppe
Batting: LHB Bartolo Benítez 0-0: Ball
1-0: Called Strike
1-1: Ground out 5-3 (Groundball, 56S)
Batting: RHB Shohei Kiyomizu 0-0: Ground out 5-3 (Groundball, 56S)
Batting: LHB Roberto Sánchez 0-0: Fly out, F7 (Flyball, 78D)
Bottom of the 7th over - 0 run(s), 0 hit(s), 0 error(s), 0 left on base; Calgary 3 - Jersey City 0
TOP OF THE 8TH
Calgary Lynx batting - Pitching for Jersey City Sun Caps : LHP Tommy Blevins
Batting: RHB Jesús Martínez 0-0: Called Strike
0-1: Ball
1-1: Foul Ball, location: 2F
1-2: Ball
2-2: SINGLE (Line Drive, 4)
Batting: RHB Álex Estrada 0-0: Called Strike
0-1: SINGLE (Line Drive, 7S)
Jesús Martínez to second
Batting: LHB Thomas Campbell 0-0: Ball
1-0: Ball
2-0: Ball
3-0: Base on Balls
Jesús Martínez to third
Álex Estrada to second
Batting: RHB Hieu De 0-0: Ball
1-0: Ball
2-0: Ball
3-0: Called Strike
3-1: Foul Ball, location: 2F
3-2: Base on Balls
Jesús Martínez scores
Álex Estrada to third
Thomas Campbell to second
Batting: LHB Emílio Barbán 0-0: Ball
Passed Ball!
Álex Estrada scores
Thomas Campbell to third
Hieu De to second
1-0: Ball
2-0: Swinging Strike
2-1: Called Strike
2-2: Ball
3-2: Base on Balls
Batting: LHB Miguel Zúñiga 0-0: Called Strike
0-1: Called Strike
0-2: Ball
1-2: Ball
2-2: Foul Ball, location: 2F
2-2: Ball
3-2: Base on Balls
Thomas Campbell scores
Hieu De to third
Emílio Barbán to second
Batting: SHB Eric O'Neill 0-0: Called Strike
0-1: Ball
1-1: Ball
2-1: Foul Ball, location: 2F
2-2: Ball
3-2: Grounds into double play, 4-6-3 (Groundball, 4M)
Hieu De scores
Emílio Barbán to third
Pitching: LHP Jim Unknown
Batting: LHB Ángel López 0-0: Foul Ball, location: 2F
0-1: Foul Ball, location: 2F
0-2: Strikes out swinging
Top of the 8th over - 4 run(s), 2 hit(s), 0 error(s), 1 left on base; Calgary 7 - Jersey City 0
BOTTOM OF THE 8TH
Jersey City Sun Caps batting - Pitching for Calgary Lynx : RHP Job Poppe
Batting: RHB Mike Lyon 0-0: Foul Ball, location: 2F
0-1: Ball
1-1: Fly out, F5 (Line Drive, 5)
Batting: RHB Mike Greene 0-0: Foul Ball, location: 2F
0-1: Ball
1-1: Ground out 5-3 (Groundball, 56)
Pinch Hitting: RHB Brandon Reed 0-0: Called Strike
0-1: Foul Ball, location: 2F
0-2: Ball
1-2: Ball
2-2: Foul Ball, location: 2F
2-2: Ball
3-2: Foul Ball, location: 2F
3-2: Base on Balls
Batting: SHB Ernest Miller 0-0: Called Strike
0-1: Foul Ball, location: 2F
0-2: Foul Ball, location: 2F
0-2: Ball
1-2: Fielders Choice at 2nd, 4-6 (Groundball, 4)
Bottom of the 8th over - 0 run(s), 0 hit(s), 0 error(s), 0 left on base; Calgary 7 - Jersey City 0
TOP OF THE 9TH
Calgary Lynx batting - Pitching for Jersey City Sun Caps : LHP Jim Unknown
Pitching: RHP Jim Unknown
Now at 3B: Brandon Reed
Batting: LHB Dave Hebert 0-0: Ball
1-0: Ground out 6-3 (Groundball, 6S)
Batting: RHB Jesús Martínez 0-0: Swinging Strike
0-1: Ball
1-1: Foul Ball, location: 2F
1-2: Ball
2-2: Fly out, F9 (Line Drive, 9S)
Batting: RHB Álex Estrada 0-0: Called Strike
0-1: Fly out, F9 (Flyball, 9LS)
Top of the 9th over - 0 run(s), 0 hit(s), 0 error(s), 0 left on base; Calgary 7 - Jersey City 0
BOTTOM OF THE 9TH
Jersey City Sun Caps batting - Pitching for Calgary Lynx : RHP Job Poppe
Batting: LHB Cole Thrash 0-0: Called Strike
0-1: Ball
1-1: Foul Ball, location: 2F
1-2: Foul Ball, location: 2F
1-2: Ball
2-2: Foul Ball, location: 2F
2-2: Ball
3-2: Fly out, F6 (Line Drive, 6)
Batting: SHB Jake Richardson 0-0: Ball
1-0: Called Strike
1-1: Ball
2-1: Called Strike
2-2: Ground out 6-3 (Groundball, 6)
Batting: LHB Bartolo Benítez 0-0: Ball
1-0: Ball
2-0: Foul Ball, location: 2F
2-1: Called Strike
2-2: DOUBLE (Line Drive, 8RXD)
Pitching: LHP Adrian Neumann
Batting: RHB Shohei Kiyomizu 0-0: Fly out, F9 (Flyball, 9LS)
Bottom of the 9th over - 0 run(s), 1 hit(s), 0 error(s), 1 left on base; Calgary 7 - Jersey City 0
Friday, December 30th, 2016 - OOTP Baseball 17.12 Build 75